 Dungeon Crawl Stone Soup version 0.30.0-5-g1a98f26d00 (webtiles) character file.

Game seed: 11003101326414039604

198147 Majang the Severer (level 17, -11/156 HPs)
             Began as a Minotaur Berserker on May 7, 2023.
             Was the Champion of Trog.
             Mangled by an emperor scorpion (29 damage)
             ... on level 4 of the Spider Nest on May 8, 2023.
             The game lasted 02:39:52 (27352 turns).

Majang the Severer (Minotaur Berserker)            Turns: 27352, Time: 02:39:53

Health: -11/156    AC: 31    Str: 34    XL:     17   Next: 80%
Magic:  16/16      EV: 17    Int: 10    God:    Trog [******]
Gold:   1861       SH:  0    Dex: 14    Spells: 16/16 levels left

rFire   . . .        a - +4 battleaxe (flame)
rCold   + . .        (shield currently unavailable)
rNeg    + . .        I - +18 Lear's hauberk
rPois   +            (helmet currently unavailable)
rElec   .            o - scarf {shadows}
rCorr   .            (gloves currently unavailable)
SInv    .            (boots currently unavailable)
Will    ++++.        J - amulet of the Four Winds {rN+ Will+++ Clar} Stlth
                     n - ring of Optimism {rC+ Str+6 Int+4 Dex+4}
HPRegen 0.46/turn    Z - ring of poison resistance
MPRegen 0.15/turn

%: clarity
@: spiked, on berserk cooldown, slowed, studying Dodging, very slow
A: horns 2, retaliatory headbutt
}: 1/15 runes: decaying
a: Renounce Religion, Berserk, Trog's Hand, Brothers in Arms


You were on level 4 of the Spider Nest.
You worshipped Trog.
Trog was exalted by your worship.
You visited 6 branches of the dungeon, and saw 28 of its levels.

You collected 3172 gold pieces.
You spent 1311 gold pieces at shops.

Inventory:

Hand Weapons
 a - a +4 battleaxe of flaming (weapon)
 b - a +4 vampiric battleaxe
 r - a +2 spectral executioner's axe
 w - a +3 heavy executioner's axe
Missiles
 d - 10 javelins
 A - a throwing net
 G - 5 silver boomerangs
 H - 10 boomerangs (quivered)
Armour
 f - a +1 pair of boots
 o - a scarf of shadows (worn)
 u - a scarf of invisibility
 z - a +3 plate armour of fire resistance
 I - the +18 Lear's hauberk (worn)
   (You found it on level 8 of the Dungeon)
 U - a +1 scale mail of cold resistance
Jewellery
 n - the ring of Optimism (left hand) {rC+ Str+6 Int+4 Dex+4}
   (You acquired it on level 3 of the Swamp)

   [ring of strength]

   Str:       It affects your strength (+6).
   Int:       It affects your intelligence (+4).
   Dex:       It affects your dexterity (+4).
   rC:        It protects you from cold.
 J - the amulet of the Four Winds (around neck) {rN+ Will+++ Clar}
   (You bought it in a shop on level 2 of the Orcish Mines)

   [amulet of nothing]

   rN:        It protects you from negative energy.
   Clar:      It protects you from confusion, rage, mesmerisation and fear.
   Will:      It greatly increases your willpower.
 K - a ring of protection from fire
 O - a +5 ring of evasion
 Q - a ring of resist corrosion
 T - a ring of flight
 W - an amulet of regeneration
 Z - a ring of poison resistance (right hand)
Wands
 e - a wand of charming (20)
 h - a wand of polymorph (12)
 s - a wand of quicksilver (12)
 v - a wand of mindburst (19)
 M - a wand of flame (14)
Scrolls
 c - a scroll of fear
 j - a scroll of fog
 k - 15 scrolls of teleportation
 l - a scroll of blinking
 x - 8 scrolls of poison
 y - 3 scrolls of magic mapping
 E - 2 scrolls of immolation
Potions
 g - 3 potions of might
 m - 6 potions of haste
 p - 4 potions of flight
 q - 6 potions of mutation
 t - 3 potions of heal wounds
 C - 16 potions of curing
 D - 4 potions of cancellation
 F - 3 potions of ambrosia
 L - 2 potions of attraction
 N - 3 potions of resistance
 P - a potion of invisibility
Miscellaneous
 i - a phial of floods
 B - a box of beasts
 V - a tin of tremorstones (2/2)
 Y - a phantom mirror


   Skills:
 + Level 15.0 Fighting
 * Level 20.5 Axes
 * Level 15.8 Throwing
 + Level 14.4 Armour
 + Level 15.6 Dodging
 + Level 10.6 Evocations


You had 16 spell levels left.
You didn't know any spells.
Your spell library was empty.

Dungeon Overview and Level Annotations

Branches:
Dungeon (12/15)            Temple (1/1) D:4            Lair (5/5) D:11
  Swamp (4/4) Lair:2       Spider (4/4) Lair:3        Slime (0/5) Lair:4
    Orc (2/2) D:10            Elf (0/3) Orc:2

Altars:
Ashenzari
Cheibriados
Dithmenos
Elyvilon
Fedhas
Gozag
Hepliaklqana
Kikubaaqudgha
Makhleb
Nemelex Xobeh
Okawaru
Qazlal
Ru
Sif Muna
Trog
Uskayaw
Vehumet
Wu Jian
Xom
Yredelemnul
Zin
The Shining One
Lugonu

Shops:
D:7 (   D:11 =   Orc:2 (=[=*

Portals:
Abyss: Lair:5


Innate Abilities, Weirdness & Mutations

You have a pair of horns on your head.
You reflexively headbutt those who attack you in melee.


Message History

The emperor scorpion is lightly wounded.
You barely miss the steelbarb worm. The emperor scorpion stings you!
The emperor scorpion claws you but does no damage. x2
The steelbarb worm closely misses you. You furiously retaliate!
You headbutt the steelbarb worm! The emperor scorpion stings you.
The emperor scorpion claws you but does no damage. x2
The steelbarb worm hits you!!
* * * LOW HITPOINT WARNING * * *
Barbed spikes become lodged in your body.
You slice the emperor scorpion!! You burn the emperor scorpion!
You headbutt the emperor scorpion.
The emperor scorpion is moderately wounded.
You hit the steelbarb worm.
You are no longer berserk.
You are exhausted.
You feel as though you will be slow longer.
The emperor scorpion stings you.
* * * LOW HITPOINT WARNING * * *
The emperor scorpion claws you!
* * * LOW HITPOINT WARNING * * *
The emperor scorpion claws you but does no damage.
The steelbarb worm barely misses you.
As you read the scroll of fear, it crumbles to dust.
You assume a fearsome visage.
The steelbarb worm is unaffected.
The steelbarb worm looks frightened! x3
The torpor snail resists with almost no effort.
The emperor scorpion is unaffected.
The moth of wrath looks frightened!
The emperor scorpion stings you but does no damage.
The emperor scorpion claws you but does no damage.
The emperor scorpion closely misses you.
The steelbarb worm completely misses you.
You furiously retaliate!
You headbutt the steelbarb worm! The emperor scorpion stings you.
* * * LOW HITPOINT WARNING * * *
The emperor scorpion claws you but does no damage.
The emperor scorpion claws you.
* * * LOW HITPOINT WARNING * * *
The steelbarb worm hits you but does no damage.
The emperor scorpion stings you!!
You die...

....................#
.................^..#
....^...............#
...................^#
....^.......†...^...#
...............[....#
....................#
..............†.....#
................@...#
......[^........ws..#
#...................#
#.........^..ww.....#
######........w.....#
,**,,##^....w)......#
**,,,,*#............#
*,,,,,,#........^...#
,,,,,**#............#


You could see an emperor scorpion (berserk), 4 steelbarb worms and a torpor
snail.

Vanquished Creatures
  Mlioglotl (Swamp:2)
  3 tentacled monstrosities
  A thorn hunter (Lair:2)
  A fenstrider witch (Swamp:3)
  An emperor scorpion (Spider:3)
  2 ghost moths
  2 orc warlords
  A broodmother (Spider:4)
  7 eleionomae
  Nessos (Orc:2)
  7 bunyips
  A spark wasp (Spider:4)
  Snorg (Lair:4)
  4 entropy weavers
  Josephine (D:11)
  Fannar (D:10)
  3 shambling mangroves
  21 hydras
  6 ghost crabs
  4 radroaches
  A spriggan air mage (Swamp:2)
  4 boulder beetles
  2 jorogumos
  7 alligators
  2 two-headed ogres
  4 thrashing horrors (Lair:5)
  An orc high priest (Orc:2)
  Urug (Orc:2)
  2 spriggan berserkers (Swamp:4)
  8 pharaoh ants
  3 skysharks
  8 goliath frogs
  2 death drakes (Swamp:3)
  2 spriggan druids (Swamp:2)
  7 orb spiders
  7 spectral wolf spiders (Spider:2)
  11 swamp dragons
  7 bog bodies
  6 steelbarb worms
  Pikel (D:5)
  3 orc knights
  18 wolf spiders
  A cyclops (D:12)
  5 orc sorcerers
  3 wolf spider zombies (Spider:2)
  An ugly thing (Lair:5)
  6 will-o-the-wisps
  10 elephants
  5 moths of wrath
  4 torpor snails
  4 black mambas
  Joseph (D:8)
  Maurice (D:9)
  8 demonic crawlers
  5 smoke demons (Lair:5)
  2 gargoyles
  Maggie (Lair:1)
  9 cane toads
  4 rime drakes
  3 ancient zymes (Lair:5)
  10 komodo dragons
  15 trolls
  2 bloated husks
  4 polar bears
  4 wolf spider simulacra (Spider:2)
  17 hornets
  A meliai (Spider:4)
  The ghost of rlgrobin the Poker, an amateur DsGl of Nemelex Xobeh (D:5)
  21 tarantellas
  9 tyrant leeches
  15 blink frogs
  6 dream sheep (Lair:5)
  31 jumping spiders
  34 culicivoras
  5 wyverns
  11 spriggans
  8 wraiths
  38 yaks
  A vampire (D:11)
  10 basilisks
  Grum (Lair:1)
  57 redbacks
  A steam dragon (D:8)
  2 chaos spawn (Lair:5)
  10 small abominations (Lair:5)
  9 vampire mosquitoes
  6 wargs
  11 swamp worms
  An acid dragon (D:11)
  8 water moccasins
  29 orc warriors
  13 swamp drakes
  2 black bears
  An ice beast (D:6)
  A hornet zombie (D:7)
  2 sky beasts
  A tengu (shapeshifter) (Spider:1)
  7 ogres
  23 wolves
  6 centaurs
  2 phantoms
  2 kobold brigands
  2 lemures (D:5)
  18 bullfrogs
  A gnoll sergeant (D:10)
  4 scorpions
  11 wights
  11 killer bees
  2 electric eels
  6 howler monkeys
  A centaur zombie (D:7)
  A crimson imp (D:4)
  A lava snake (D:10)
  9 hounds
  11 orc priests
  3 sleepcaps
  2 gnoll boudas (Orc:1)
  2 jellies (D:7)
  Crazy Yiuf (D:5)
  5 iguanas
  16 orc wizards
  Terence (D:2)
  A killer bee zombie (D:7)
  33 gnolls
  6 adders
  3 shadow imps
  2 white imps
  2 ufetubi
  2 worms
  2 dart slugs (D:1)
  91 orcs
  6 endoplasms
  3 giant cockroaches
  6 goblins
  9 hobgoblins
  20 jackals
  20 kobolds
  2 quokkas
  11 ball pythons
  3 bats (D:1)
  4 frilled lizards
  5 rats
1026 creatures vanquished.

Vanquished Creatures (collateral kills)
  2 oklob plants (D:11)
2 creatures vanquished.

Vanquished Creatures (others)
  An alligator (Swamp:1)
  A goliath frog (Swamp:1)
  An orc knight (Orc:1)
  3 bloated husks
  A jumping spider (Spider:3)
  23 foxfires
30 creatures vanquished.

Grand Total: 1058 creatures vanquished

Notes
Turn   | Place    | Note
-------+----------+-------------------------------------------
     0 | D:1      | Majang the Minotaur Berserker began the quest for the Orb.
     0 | D:1      | Reached XP level 1. HP: 19/19 MP: 0/0
    94 | D:1      | Reached skill level 4 in Axes
   102 | D:1      | Reached XP level 2. HP: 27/27 MP: 1/1
   266 | D:1      | Reached XP level 3. HP: 31/33 MP: 2/2
   500 | D:1      | Reached ** piety under Trog
   699 | D:1      | Reached skill level 5 in Axes
   973 | D:2      | Noticed Terence
   981 | D:2      | Killed Terence
   982 | D:2      | Reached XP level 4. HP: 41/41 MP: 3/3
   982 | D:2      | Identified the +2 robe of the Nine of Wands {Rampage rC-
                  | SInv Stlth+}
  1620 | D:3      | Reached *** piety under Trog
  1621 | D:3      | Reached skill level 6 in Axes
  1687 | D:3      | Reached XP level 5. HP: 47/47 MP: 4/4
  1815 | D:3      | Reached skill level 5 in Fighting
  2185 | D:4      | Found a hazy altar of Hepliaklqana.
  2185 | D:4      | Found a broken altar of Ashenzari.
  2185 | D:4      | Found a burning altar of Makhleb.
  2240 | D:4      | Reached skill level 1 in Throwing
  2437 | D:4      | Reached XP level 6. HP: 56/56 MP: 5/5
  2489 | D:4      | Found a staircase to the Ecumenical Temple.
  2501 | Temple   | Entered the Ecumenical Temple
  2956 | D:5      | Entered Level 5 of the Dungeon
  2966 | D:5      | Reached skill level 7 in Axes
  2966 | D:5      | Reached XP level 7. HP: 54/61 MP: 6/6
  3113 | D:5      | Found a shadowy altar of Dithmenos.
  3167 | D:5      | Noticed Pikel
  3200 | D:5      | Killed Pikel
  3201 | D:5      | Reached skill level 8 in Axes
  3201 | D:5      | Reached XP level 8. HP: 67/71 MP: 7/7
  3404 | D:5      | Noticed rlgrobin's ghost (amateur DsGl)
  3424 | D:5      | Found a runed translucent door.
  3652 | D:5      | Reached skill level 5 in Armour
  3931 | D:5      | Found a runed translucent door.
  3932 | D:5      | Noticed Crazy Yiuf
  3939 | D:5      | Killed Crazy Yiuf
  4070 | D:5      | Reached skill level 9 in Axes
  4070 | D:5      | Reached **** piety under Trog
  4071 | D:5      | Reached skill level 1 in Evocations
  4603 | D:5      | Killed rlgrobin's ghost
  4604 | D:5      | Reached skill level 5 in Dodging
  4604 | D:5      | Reached XP level 9. HP: 79/79 MP: 8/8
  5162 | D:6      | Found an ornate altar of the Wu Jian Council.
  5578 | D:6      | Reached skill level 10 in Axes
  6057 | D:7      | Found Bemuinwabra's Antique Weapon Boutique.
  6069 | D:7      | Bought a runed hand axe for 162 gold pieces
  6252 | D:7      | Reached ***** piety under Trog
  6334 | D:7      | Reached skill level 5 in Throwing
  6420 | D:7      | Reached XP level 10. HP: 53/85 MP: 9/9
  6855 | D:8      | Found an ancient bone altar of Kikubaaqudgha.
  6855 | D:8      | Found a radiant altar of Vehumet.
  6863 | D:8      | Reached skill level 11 in Axes
  7215 | D:8      | Noticed Joseph
  7230 | D:8      | Killed Joseph
  7431 | D:8      | Found the +18 Lear's hauberk
  7539 | D:8      | Found a glowing golden altar of the Shining One.
  7539 | D:8      | Found a glowing silver altar of Zin.
  7540 | D:8      | Found a sacrificial altar of Ru.
  7867 | D:9      | Noticed a two-headed ogre
  7872 | D:9      | Killed a two-headed ogre
  7873 | D:9      | Reached skill level 12 in Axes
  8003 | D:9      | Noticed Maurice
  8025 | D:9      | Killed Maurice
  8034 | D:9      | Found a shimmering altar of Xom.
  8054 | D:9      | Reached XP level 11. HP: 83/97 MP: 10/10
  8637 | D:9      | Found a basalt altar of Yredelemnul.
  8903 | D:10     | Entered Level 10 of the Dungeon
  9039 | D:10     | Found a stormy altar of Qazlal.
  9074 | D:10     | Noticed Fannar
  9094 | D:10     | Killed Fannar
  9325 | D:10     | Paralysed by a hornet for 2 turns
  9498 | D:10     | Found a staircase to the Orcish Mines.
 10032 | D:11     | Reached skill level 5 in Evocations
 10096 | D:11     | Found Ysufakaj's Jewellery Shoppe.
 10169 | D:11     | Bought a ring of poison resistance for 300 gold pieces
 10238 | D:11     | Noticed Josephine
 10253 | D:11     | Killed Josephine
 10254 | D:11     | Reached skill level 13 in Axes
 10261 | D:11     | HP: 5/142 [wraith[Josephine] (10)]
 10546 | D:11     | Noticed a boulder beetle
 10566 | D:11     | Killed a boulder beetle
 10569 | D:11     | Received a gift from Trog
 10772 | D:11     | Noticed an oklob plant
 10819 | D:11     | Noticed an oklob plant
 10832 | D:11     | Found a staircase to the Lair.
 10838 | D:11     | Killed an oklob plant
 10851 | D:11     | Killed an oklob plant
 10852 | D:11     | Reached skill level 10 in Fighting
 11134 | Lair:1   | Entered Level 1 of the Lair of Beasts
 11145 | Lair:1   | Reached XP level 12. HP: 106/106 MP: 3/11
 11451 | Lair:1   | Noticed Maggie
 11459 | Lair:1   | Killed Maggie
 11502 | Lair:1   | Noticed Grum
 11509 | Lair:1   | Killed Grum
 11696 | Lair:1   | Reached skill level 14 in Axes
 12363 | Lair:2   | Found a staircase to the Swamp.
 12647 | Lair:2   | Reached skill level 10 in Armour
 12658 | Lair:2   | Identified the +10 long sword of the Turnip {heavy, Int+3}
 13002 | Lair:3   | Reached ****** piety under Trog
 13014 | Lair:3   | Reached XP level 13. HP: 115/115 MP: 4/12
 13241 | Lair:3   | Reached skill level 15 in Axes
 13259 | Lair:3   | Reached skill level 10 in Throwing
 13267 | Lair:3   | Received a gift from Trog
 13629 | Lair:3   | Found a hole to the Spider Nest.
 14064 | Lair:4   | Found a staircase to the Slime Pits.
 14274 | Lair:4   | Found the +6 lightning scales {swift, rElec}
 14293 | Lair:4   | Noticed Snorg
 14302 | Lair:4   | Killed Snorg
 14822 | Lair:5   | Entered Level 5 of the Lair of Beasts
 15240 | Lair:5   | Reached skill level 10 in Dodging
 15669 | Lair:5   | Reached skill level 16 in Axes
 15741 | Lair:5   | Reached XP level 14. HP: 120/125 MP: 4/13
 15836 | Lair:5   | Identified the +7 halberd of Veq Sock {freeze, rF+}
 16097 | Lair:5   | Found a corrupted altar of Lugonu.
 16097 | Lair:5   | Found a one-way gate to the infinite horrors of the Abyss.
 17131 | Orc:1    | Entered Level 1 of the Orcish Mines
 17215 | Orc:1    | Noticed an orc warlord
 17225 | Orc:1    | Killed an orc warlord
 17572 | Orc:1    | Received a gift from Trog
 17627 | Orc:2    | Entered Level 2 of the Orcish Mines
 17627 | Orc:2    | Found Epsanelu's Jewellery Emporium.
 17632 | Orc:2    | Noticed Nessos
 17875 | Orc:2    | Killed Nessos
 18050 | Orc:2    | Reached skill level 17 in Axes
 18162 | Orc:2    | Found Tatextyff's General Store.
 18169 | Orc:2    | Bought the amulet of the Four Winds {rN+ Will+++ Clar} for
                  | 849 gold pieces
 18169 | Orc:2    | Found the amulet of the Four Winds {rN+ Will+++ Clar}
 18238 | Orc:2    | Found Uwnomako's Antique Armour Shoppe.
 18256 | Orc:2    | Noticed an orc warlord
 18257 | Orc:2    | Noticed Urug
 18275 | Orc:2    | Killed Urug
 18281 | Orc:2    | Killed an orc warlord
 18366 | Orc:2    | Found Sos Mew's Jewellery Boutique.
 18665 | Orc:2    | Found Tihegal's Antique Weapon Shop.
 18672 | Orc:2    | Found a staircase to the Elven Halls.
 18846 | Orc:2    | Upgraded the game from 0.30.0-2-g1aa4bd4387 to
                  | 0.30.0-5-g1a98f26d00
 18968 | Swamp:1  | Entered Level 1 of the Swamp
 18968 | Swamp:1  | Noticed a thorn hunter
 18983 | Lair:2   | Killed a thorn hunter
 19237 | Swamp:1  | Received a gift from Trog
 19567 | Swamp:2  | Noticed a tentacled monstrosity
 19581 | Swamp:2  | Killed a tentacled monstrosity
 19582 | Swamp:2  | Reached XP level 15. HP: 134/134 MP: 14/14
 20055 | Swamp:2  | Noticed a tentacled monstrosity
 20076 | Swamp:2  | Killed a tentacled monstrosity
 20291 | Swamp:2  | Reached skill level 18 in Axes
 20454 | Swamp:2  | Noticed Mlioglotl
 20473 | Swamp:2  | Killed Mlioglotl
 20928 | Swamp:2  | You fall into a shaft and drop 1 floor!
 20939 | Swamp:3  | Noticed a fenstrider witch
 20947 | Swamp:3  | Killed a fenstrider witch
 21528 | Swamp:3  | Identified a scroll of acquirement
 21529 | Swamp:3  | Acquired the ring of Optimism {rC+ Str+6 Int+4 Dex+4}
 21686 | Swamp:4  | Entered Level 4 of the Swamp
 21695 | Swamp:4  | Reached XP level 16. HP: 128/144 MP: 15/15
 22193 | Swamp:4  | Noticed a tentacled monstrosity
 22217 | Swamp:4  | Received a gift from Trog
 22245 | Swamp:4  | Killed a tentacled monstrosity
 22316 | Swamp:4  | Identified the +6 flail of Kyadilin {freeze, Contam rC++
                  | Stlth+}
 22393 | Swamp:4  | Reached skill level 19 in Axes
 22973 | Swamp:4  | Got a decaying rune of Zot
 23153 | Spider:1 | Entered Level 1 of the Spider Nest
 23293 | Spider:1 | Received a gift from Trog
 23730 | Spider:1 | You fall into a shaft and drop 1 floor!
 23797 | Spider:1 | Acquired a +3 heavy executioner's axe
 23809 | Spider:1 | Reached skill level 10 in Evocations
 24267 | Spider:1 | Identified the +0 short sword "Kotu" {spect, Str+3}
 24349 | Spider:2 | Reached XP level 17. HP: 146/154 MP: 16/16
 24475 | Spider:2 | Reached skill level 15 in Throwing
 25258 | Spider:2 | Reached skill level 20 in Axes
 25370 | Spider:2 | Reached skill level 15 in Dodging
 25581 | Spider:3 | Received a gift from Trog
 27044 | Spider:4 | Entered Level 4 of the Spider Nest
 27074 | Spider:3 | Reached skill level 15 in Fighting
 27192 | Spider:4 | Received a gift from Trog
 27352 | Spider:4 | Mangled by an emperor scorpion

Illustrated notes

Levels and vault maps discovered:
D:1:      psy_arrival_radial01, layout_basic, lexackson_kobold_supper
D:2:      layout_basic, minmay_cut_off, uniq_terence
D:3:      layout_rooms, serial_rivers, chequers_serial_rivers_small_b,
          chequers_serial_rivers_small_b, chequers_serial_rivers_small_3,
          chequers_serial_rivers_small_3, chequers_serial_rivers_micro_a,
          chequers_serial_rivers_small_b
D:4:      layout_basic, gammafunk_temple_overflow_forgotten,
          minmay_temple_entry_sparse_star, minmay_fire_ice_demons
D:5:      lemuel_castle_with_subvaults [lemuel_castle_interior_carwin_1],
          layout_cave_pools, grunt_dithmenos_smoke_and_mirrors,
          serial_column_ruins, column_ruins_corridor_straight,
          column_ruins_columns_straight, column_ruins_open_tiny,
          column_ruins_columns_straight, column_ruins_grid_3,
          hellmonk_ghost_happy_afterlife, kennysheep_nub,
          uniq_crazy_yiuf_cottage, uniq_pikel
D:6:      layout_layer_cave, mainiacjoe_overflow_alcove_1, nicolae_hexahallways
D:7:      layout_cave_pools, serial_shops, shop, serial_undead, serial_undead_d,
          serial_undead_c, serial_undead_d, serial_undead_b
D:8:      layout_gridville, nicolae_overflow_two_pavilions,
          gammafunk_temple_overflow_claw, uniq_joseph
D:9:      minmay_goldmine, layout_loops_cross, yredelemnul_altar_generic,
          kennysheep_mini, uniq_maurice
D:10:     layout_loops_ring, grunt_qazlal_clouds, orc_0_dummy,
          fungi_pond_lemuel, kennysheep_cross_room, uniq_fannar
D:11:     layout_irregular_city, dpeg_oklobed_lair, serial_shops,
          nicolae_inconvenience_store, uniq_josephine
D:12:     layout_rooms, grunt_ministairs_9
Temple:   nicolae_temple_ecumenical_triangle
Lair:1:   layout_cave_pods, beast_lair_carwin_7, infiniplex_staircase_pool,
          grunt_megastairs_1, uniq_grum, uniq_maggie
Lair:2:   layout_gridlike, swamp_mist_pool, grunt_megastairs_2,
          lemuel_fruit_tree
Lair:3:   layout_chaotic_city, nicolae_spider_entry_tight_spaces
Lair:4:   layout_cave_pods, slime_entry_1, serial_bayou_shore_b, uniq_snorg
Lair:5:   hellmonk_lair_end_abyssal_woods, layout_gridlike
Swamp:1:  layout_falls_marsh, nicolae_swamp_well_well_well
Swamp:2:  nzn_winding_woodlands_medium [nzn_winding_woodlands_5x5_three,
          nzn_winding_woodlands_5x15_jagged,
          nzn_winding_woodlands_5x5_perimeter,
          nzn_winding_woodlands_5x5_closed_star,
          nzn_winding_woodlands_center_lodge, nzn_winding_woodlands_hourglass,
          nzn_winding_woodlands_5x5_cross, nzn_winding_woodlands_5x15_parted,
          nzn_winding_woodlands_5x5_checkerboard], layout_falls_marsh,
          serial_swamp_ruin, hangedman_swamp_ruin_wall,
          evilmike_swamp_ruin_house_5, swamp_pool4, uniq_mlioglotl
Swamp:3:  layout_falls_marsh, evilmike_swamp_ruin_rubble_1
Swamp:4:  swamp_basic_johnstein, layout_basic_swamp, swamp_pool3
Spider:1: layout_spider_delve, hellmonk_deceptive_appearances
Spider:2: layout_spider_delve, nicolae_spider_undead_wolf_pack
Spider:3: layout_cave_pods
Spider:4: hellmonk_spider_rune_bug_friends, uniq_bai_suzhen
Orc:1:    layout_diamond_mine, basic_altar, minmay_orc_barracks
Orc:2:    grunt_orc_gardens, layout_caves, grunt_orc_garden, grunt_orc_garden,
          grunt_orc_garden, grunt_orc_garden, serial_shops,
          nicolae_shop_hallway_plus, basic_altar, uniq_nessos, uniq_urug

Skill      XL: |  1  2  3  4  5  6  7  8  9 10 11 12 13 14 15 16 17 |
---------------+----------------------------------------------------+-----
Axes           | 4 5 6 7 8 9 10 12 13 14 16 17 18 19 20 | 20.5
Fighting       | 4 5 6 7 8 9 10 11 12 13 14 15 | 15.0
Throwing       | 1 2 3 4 5 6 8 9 11 12 13 14 15 | 15.8
Armour         | 3 4 5 6 8 9 10 11 12 13 14 | 14.4
Dodging        | 3 4 5 6 7 8 9 10 11 13 14 15 | 15.6
Evocations     | 1 3 4 5 6 7 8 9 10 | 10.6

Action                     |  1- 3 |  4- 6 |  7- 9 | 10-12 | 13-15 | 16-18 || total
---------------------------+-------+-------+-------+-------+-------+-------++-------
  Melee: Hand axe          |    77 |    27 |    65 |   353 |    17 |       ||   539
         Headbutt          |    12 |    16 |    58 |   138 |   227 |   179 ||   630
         War axe           |       |    83 |   235 |       |       |       ||   318
         Punch             |       |       |     5 |     7 |       |       ||    12
         Battleaxe         |       |       |       |   251 |   978 |   692 ||  1921
  Throw: Boomerang         |       |       |       |       |    21 |   108 ||   129
         Javelin           |       |       |       |       |     9 |     2 ||    11
 Invoke: Berserk           |     1 |     3 |     3 |     3 |     8 |     5 ||    23
         Trog's Hand       |       |       |       |     1 |       |       ||     1
         Brothers in Arms  |       |       |       |     1 |       |       ||     1
  Evoke: Wand              |       |       |       |     5 |     7 |       ||    12
         Tin of tremorston |       |       |       |       |     3 |       ||     3
    Use: Scroll            |       |       |       |       |    35 |     8 ||    43
         Potion            |       |       |       |       |     4 |     2 ||     6
   Stab: Sleeping          |     1 |       |       |       |       |       ||     1
         Distracted        |       |       |       |       |     2 |     1 ||     3
 Armour: Animal skin       |     7 |       |       |       |       |       ||     7
         Chain mail        |    18 |    11 |       |   294 |   513 |   425 ||  1261
         Ring mail         |       |     1 |    32 |       |       |       ||    33
         Plate armour      |       |    50 |   117 |    32 |   123 |       ||   322
  Dodge: Dodged            |    47 |    52 |   129 |   327 |   793 |   533 ||  1881
